 Dungeon Crawl Stone Soup version 0.27-a0-345-g7370b58738 (webtiles) character file.

Game seed: 7383227372400372596

49 BingoJohn the Scratcher (level 3, 0/17 HPs)
             Began as a Felid Fighter on Feb 15, 2021.
             Slain by a bat (1 damage)
             ... on level 3 of the Dungeon.
             The game lasted 00:09:56 (1320 turns).

BingoJohn the Scratcher (Felid Fighter)             Turns: 1320, Time: 00:09:57

Health: 0/17       AC:  1    Str: 13    XL:     3   Next: 51%
Magic:  4/4        EV: 19    Int:  9    God:
Gold:   93         SH:  0    Dex: 15    Spells: 2/2 levels left
                                        Lives:  0   Deaths: 0

rFire    . . .     SeeInvis +     - Unarmed
rCold    . . .     Faith    .   (shield unavailable)
rNeg     + . .     Spirit   .   (armour unavailable)
rPois    .         Reflect  .   (helmet unavailable)
rElec    .         Harm     .   (cloak unavailable)
rCorr    .         Rampage  .   (gloves unavailable)
Will     .....                  (boots unavailable)
Stlth    ++........             (no amulet)
HPRegen  0.05/turn              x - ring of positive energy
MPRegen  0.09/turn              (no ring)

@: quick
A: very small, no armour, no weapons or thrown items, stealth, claws 1, fangs 3,
see invisible, speed 1, shaggy fur 1, sharp paws
a: no special abilities


You were on level 3 of the Dungeon.
You visited 1 branch of the dungeon, and saw 3 of its levels.

You collected 93 gold pieces.

Inventory:

Hand Weapons
 c - a +0 club
 g - a +0 hand axe
 i - a +0 short sword
 j - a +0 club
 l - a +0 club
 o - a +0 dagger
 p - a +0 dagger
 q - a +0 short sword
 s - a +0 short sword
 z - a +0 trident
Missiles
 f - 27 arrows
 r - 5 stones
 v - 10 poisoned darts
 A - 4 boomerangs
Armour
 e - a +0 ring mail
 w - a +0 chain mail
 y - a +0 ring mail
 B - a +0 leather armour
Jewellery
 x - a ring of positive energy (left paw)
Scrolls
 h - a scroll of fear {unknown}
 m - 2 scrolls of immolation {unknown}
 t - 2 scrolls of teleportation
Potions
 a - a potion of might
 b - 2 potions of curing {unknown}
 d - a potion of flight {unknown}
 k - a potion of heal wounds {unknown}
 n - a potion of mutation {unknown}
 u - 2 potions of ambrosia {unknown}


   Skills:
 + Level 3.2 Fighting
 + Level 4.4 Dodging
 + Level 0.9 Stealth
 + Level 4.8 Unarmed Combat


You had 2 spell levels left.
You didn't know any spells.
Your spell library was empty.

Dungeon Overview and Level Annotations

Branches:
Dungeon (3/15)

Altars:


Innate Abilities, Weirdness & Mutations

You cannot wear armour.
You are incapable of wielding weapons or throwing items.
Your paws allow you to move quietly. (Stealth)
You have sharp claws.
You have razor-sharp teeth.
You have supernaturally acute eyesight. (SInv)
You cover ground quickly.
You are covered in fur. (AC +1)
Your sharp claws are effective at attacking unaware monsters.


Message History

You kill the rat!
You now have 93 gold pieces (gained 9).
Items here: ( ) [ †.
z - a +0 trident;
A - 4 boomerangs;
B - a +0 leather armour An orc comes into view.
An orc is nearby!
Found 17 bolts. 2 orcs and an orc wizard come into view.
An orc is wielding a +0 hand axe and wearing a +0 ring mail of cold resistance.
A kobold comes into view. It is quivering poisoned darts.
The orc wizard shouts!
An orc comes into view. It is wielding a +0 flail.
Found a scroll of teleportation.
The orc shouts! x3; The kobold shouts!
You hear a shout!
The orc misses you.
Found 11 gold pieces, a scroll labelled CUPLUTAXUOM and a pink potion.
You closely miss the orc. You bite the orc, but do no damage.
A bat comes into view.
The orc misses you.
A hobgoblin comes into view. It is wielding a +0 club.
The orc closely misses you.
You barely miss the orc. You bite the orc, but do no damage.
A hobgoblin comes into view. It is wielding a +0 club.
You closely miss the orc. The orc hits you with a +0 short sword.
The orc hits you with a +0 hand axe.
You closely miss the orc. You bite the orc.
The orc is lightly wounded.
The bat closely misses you. The bat misses you. The orc closely misses you.
The orc barely misses you.
The orc wizard points at itself and mumbles some strange words.
The orc wizard flickers and vanishes for a moment.
You scratch the orc.
The orc is almost dead.
The bat hits you but does no damage. The orc hits you with a +0 short sword.
* * * LOW HITPOINT WARNING * * *
The orc closely misses you.
You closely miss the orc. You claw the orc.
You kill the orc!
The bat hits you.
You die...

#. #. #.# #. #.# .
#. #.# ..# #.## #.#
....### #..## #.#
####
..$....###..###.#
?...!
#......†...##.....$
######<##.b@)o.g...
#..##.#oo.....
##..#.#oo.(...
#...g........
...........##...?..
#########^.# ......
#..# ......
....####### ...#


You could see an orc wizard (invisible), 4 orcs, 2 hobgoblins and a bat.

Vanquished Creatures
  A gnoll (D:1)
  2 orcs (D:3)
  A giant cockroach (D:1)
  2 goblins
  3 hobgoblins (D:1)
  8 jackals (D:1)
  5 kobolds (D:1)
  A quokka (D:3)
  5 bats
  3 frilled lizards
  6 rats
37 creatures vanquished.

Notes
Turn   | Place    | Note
-------+----------+-------------------------------------------
     0 | D:1      | BingoJohn the Felid Fighter began the quest for the Orb.
     0 | D:1      | Reached XP level 1. HP: 10/10 MP: 2/2
   361 | D:1      | Reached XP level 2. HP: 14/14 MP: 3/3
   932 | D:1      | Reached XP level 3. HP: 17/17 MP: 4/4
  1237 | D:1      | You fall into a shaft and drop 1 floor!
  1320 | D:3      | Slain by a bat

Illustrated notes

Levels and vault maps discovered:
D:1:      matt_arrival_diagonals, layout_basic, minmay_nonomino_d4
D:2:      layout_rooms, ashenzari_altar_1, uniq_sigmund
D:3:      layout_rooms, uniq_purgy

Action                   || total
-------------------------++-------
Melee: Unarmed           ||   101
       Bite              ||    11
       Punch             ||     1
  Use: Scroll            ||     1
 Stab: Sleeping          ||     3
Armor: Skin              ||    17
Dodge: Dodged            ||   141

Table legend: (Time is in decaauts)
 A = Elapsed time spent in this place.
 B = Non-inter-level travel time spent in this place.
 C = Inter-level travel time spent in this place.
 D = Time resting spent in this place.
 E = Time spent auto-exploring this place.
 F = Levels seen in this place.
 G = Mean time per level.
                   A        B        C        D        E       F      G
               +--------+--------+--------+--------+--------+-----+--------+
         Total |   1218 |   1112 |    106 |    397 |    477 |   3 |  406.0 |
       Dungeon |   1218 |   1112 |    106 |    397 |    477 |   3 |  406.0 |
               +--------+--------+--------+--------+--------+-----+--------+

Top non-repeatable levels by time:
     D:1: 1147 daAuts
     D:2: 37 daAuts
     D:3: 32 daAuts
